 Dungeon Crawl Stone Soup version 0.30.0 (webtiles) character file.

Game seed: 11683186269605897177

11839 Ayyar the Fighter (level 11, -2/101 HPs)
             Began as a Minotaur Fighter on May 8, 2023.
             Was an Initiate of Ashenzari.
             Slain by Harold
             ... wielding a +0 war axe
              (13 damage)
             ... on level 1 of the Orcish Mines.
             The game lasted 00:32:55 (10029 turns).

Ayyar the Fighter (Minotaur Fighter)               Turns: 10029, Time: 00:32:56

Health: -2/101     AC: 18    Str: 25    XL:     11   Next: 54%
Magic:  10/10      EV:  7    Int:  5    God:    Ashenzari [......]
Gold:   925        SH:  6    Dex: 13    Spells: 10/10 levels left

rFire   . . .        D - +10 flail of the Rattlesnake {flame, Dex+3}
rCold   . . .        c - +0 buckler
rNeg    . . .        O - +0 plate armour
rPois   .            M - +1 hat
rElec   .            s - +0 cloak
rCorr   .            (no gloves)
SInv    .            C - +0 pair of boots of Supernal Knowledge {Melee, Bglg} (curse)
Will    +....        (no amulet) Stlth
                     F - ring of willpower
HPRegen 0.36/turn    (no ring)
MPRegen 0.12/turn

%: no passive effects
@: no status effects
A: horns 2, retaliatory headbutt
a: Renounce Religion, Curse Item, Shatter the Chains


You were on level 1 of the Orcish Mines.
You worshipped Ashenzari.
Ashenzari was noncommittal.
You visited 3 branches of the dungeon, and saw 12 of its levels.
You also visited: Bailey.

You collected 1134 gold pieces.
You spent 209 gold pieces at shops.

Inventory:

Hand Weapons
 d - a +2 flail of freezing
 A - a +5 great mace of protection
 D - the +10 flail of the Rattlesnake (weapon) {flame, Dex+3}
   (You found it on level 2 of the Dungeon)

   Dex:       It affects your dexterity (+3).
 I - a +2 morningstar of draining
Missiles
 f - 33 poisoned darts (quivered)
 i - 4 datura-tipped darts
 j - 2 throwing nets
 u - 3 curare-tipped darts
 y - 17 boomerangs
 G - 3 boomerangs of dispersal
Armour
 c - a +0 buckler (worn)
 s - a +0 cloak (worn)
 C - the cursed +0 pair of boots of Supernal Knowledge (worn) {Melee, Bglg}
   (You found it on level 3 of the Dungeon)

   It has a curse which improves the following skills: Melee Combat: Short
   Blades, Long Blades, Axes, Maces & Flails, Polearms, Staves and Unarmed
   Combat.
   Beguiling: Conjurations, Hexes and Translocations.
 M - a +1 hat (worn)
 O - a +0 plate armour (worn)
Jewellery
 F - a ring of willpower (left hand)
Wands
 t - a wand of polymorph (12)
 L - a wand of paralysis (33)
 P - a wand of flame (4)
Scrolls
 a - 2 scrolls of enchant armour
 e - 4 scrolls of silence
 l - 2 scrolls of blinking
 o - 4 scrolls of immolation
 q - 3 scrolls of fog
 r - 5 scrolls of teleportation
 v - 2 scrolls of enchant weapon
 w - 2 scrolls of poison
 x - 2 scrolls of vulnerability
 B - a scroll of fear {unknown}
 J - 2 scrolls of acquirement
 N - a scroll of amnesia {unknown}
 Q - a scroll of summoning {unknown}
 S - a scroll of brand weapon {unknown}
Potions
 g - 2 potions of mutation {unknown}
 h - 5 potions of haste
 k - 2 potions of flight
 m - 3 potions of brilliance
 n - a potion of magic {unknown}
 p - 3 potions of attraction
 z - 3 potions of curing
 E - a potion of cancellation {unknown}
 H - a potion of lignification {unknown}
 K - a potion of ambrosia {unknown}
 R - a potion of invisibility {unknown}


   Skills:
 + Level 10.7 Fighting
 + Level 10.3(10.7) Maces & Flails
 + Level 7.9 Throwing
 + Level 10.7 Armour
 + Level 10.7 Shields


You had 10 spell levels left.
You didn't know any spells.
Your spell library contained the following spells:

 Spells                   Type           Power      Damage    Failure   Level
 Slow                     Hex            0%         N/A       99%         1
 Sting                    Tmut/Pois      0%         1d3       99%         1
 Poisonous Vapours        Pois/Air       0%         N/A       100%        2
 Confusing Touch          Hex            0%         N/A       100%        3
 Dazzling Flash           Conj/Hex       0%         N/A       100%        3
 Vampiric Draining        Necr           0%         2d6       100%        3
 Olgreb's Toxic Radiance  Pois           0%         N/A       100%        4
 Agony                    Necr           0%         N/A       100%        5
 Silence                  Hex/Air        0%         N/A       100%        5


Dungeon Overview and Level Annotations

Branches:
Dungeon (9/15)             Temple (1/1) D:4             Orc (2/2) D:9
    Elf (0/3) Orc:2        Bailey (visited)
   Lair: D:8-11

Altars:
Ashenzari
Cheibriados
Dithmenos
Elyvilon
Fedhas
Kikubaaqudgha
Makhleb
Nemelex Xobeh
Okawaru
Ru
Sif Muna
Wu Jian
Xom
Yredelemnul
Zin
The Shining One

Shops:
D:3 (   D:8 [

Annotations:
D:6 3 runed translucent doors, Eeriemist's ghost, novice MiFi; edsrzf's ghost, novice DETm
Orc:1 Harold


Innate Abilities, Weirdness & Mutations

You have a pair of horns on your head.
You reflexively headbutt those who attack you in melee.


Message History

Throw: 34 darts (poison)
Press: ? - help, Q - select action, (/) - cycle Shift-Dir - straight line, f - Harold
Aim: Harold, wielding a +0 war axe, wearing a +0 scale mail and quivering 4 throwing nets (76% to hit)
You throw a poisoned dart. The poisoned dart hits Harold!
Harold is poisoned.
Harold fires a harpoon shot at you. The harpoon shot hits you!
You are yanked forward by the harpoon shot.
Unknown command.
You thump Harold! You burn Harold.
Harold is moderately wounded.
Harold completely misses you. You furiously retaliate!
You headbutt Harold! You block the ogre's attack.
You sock Harold! You burn Harold. You headbutt Harold!
Harold is almost dead.
Harold gestures at you while chanting.
You barely resist.
The ogre hits you with a +0 giant club!!
You barely miss Harold.
Harold is almost dead.
The ogre hits you but does no damage. Harold hits you with a +0 war axe!
Found an escape hatch in the floor.
The ogre barely misses you. The ogre attacks as you move away!
You block the ogre's attack.
Harold throws a throwing net.
The throwing net hits you.
You become entangled in the net!
You see here a throwing net.
You struggle against the net.
The ogre hits you with a +0 giant club.
You tear a large gash into the net.
You rip the net and break free!
The ogre hits you with a +0 giant club! Harold gestures at you while chanting.
You barely resist. The ogre attacks as you move away!
The ogre hits you with a +0 giant club!!
* * * LOW HITPOINT WARNING * * *
Harold says, "Do you have any idea what people are willing to pay to have you killed, Ayyar?"
You block Harold's attack.
You feel much better. Harold hits you but does no damage.
The ogre hits you with a +0 giant club!
* * * LOW HITPOINT WARNING * * *
Harold attacks as you move away! Harold hits you with a +0 war axe!
You die...

.......#.#..
#..#........
#......#....
##............
#.............#
#.............##
##.............#
#....>........#
##...@........##
#...#O@........#
#....O.#.......#
##.##...........
#......#.(......
##..............
#.....#........
#......#.......
#.....>. .....#.


You could see Harold (poisoned) and 2 ogres.

Vanquished Creatures
  An orc warlord (Bailey)
  Pikel (D:4)
  2 wolf spider zombies (D:7)
  An orc knight (Bailey)
  An orc sorcerer (Orc:1)
  2 centaur zombies
  4 unseen horror zombies (D:9)
  3 centaur skeletons (D:7)
  A kobold demonologist (D:9)
  A troll (Orc:2)
  2 hellwings (D:7)
  A wyvern (D:8)
  3 yaks (D:9)
  Edmund (D:5)
  A water moccasin (D:7)
  A warg (Orc:1)
  An acid dragon (D:9)
  Duvessa (D:7)
  2 sky beasts (D:7)
  2 black bears (D:5)
  9 orc warriors
  An ice beast (D:8)
  A hornet zombie (D:9)
  3 centaurs
  3 ogres
  3 phantoms
  4 kobold brigands
  A bullfrog (D:7)
  A scorpion (D:5)
  10 wights
  Dowan (D:7)
  5 killer bees (D:8)
  3 howler monkeys
  2 gnoll boudas
  5 hounds
  3 jellies
  8 orc priests
  Crazy Yiuf (D:4)
  A sleepcap (D:4)
  Natasha (thrice) (D:4)
  3 iguanas (D:5)
  9 orc wizards
  A boggart skeleton (D:7)
  4 howler monkey zombies (D:9)
  11 gnolls
  8 adders
  6 shadow imps
  2 white imps
  2 worms (D:2)
  3 dart slugs (D:2)
  39 orcs
  6 ball pythons
  2 endoplasms (D:3)
  2 giant cockroaches
  8 goblins
  5 hobgoblins
  8 quokkas
  6 bats
  3 frilled lizards
  30 kobolds
  2 rats
260 creatures vanquished.

Vanquished Creatures (others)
  2 withered plants (D:7)
2 creatures vanquished.

Grand Total: 262 creatures vanquished

Notes
Turn   | Place    | Note
-------+----------+-------------------------------------------
     0 | D:1      | Ayyar the Minotaur Fighter began the quest for the Orb.
     0 | D:1      | Reached XP level 1. HP: 19/19 MP: 0/0
   640 | D:1      | Reached XP level 2. HP: 27/27 MP: 1/1
  1103 | D:2      | Found a basalt altar of Yredelemnul.
  1117 | D:2      | Reached XP level 3. HP: 32/33 MP: 2/2
  1488 | D:2      | You fall into a shaft and drop 2 floors!
  1501 | D:4      | Reached XP level 4. HP: 38/41 MP: 3/3
  1614 | D:4      | Reached XP level 5. HP: 31/47 MP: 4/4
  1700 | D:4      | Noticed a phantom
  1719 | D:4      | Killed a phantom
  1720 | D:4      | Reached skill level 5 in Fighting
  1720 | D:4      | Reached skill level 5 in Armour
  1720 | D:4      | Reached skill level 5 in Shields
  1782 | D:4      | Found a staircase to the Ecumenical Temple.
  1801 | Temple   | Entered the Ecumenical Temple
  2116 | Temple   | Became a worshipper of Ashenzari the Shackled
  2158 | D:4      | Reached XP level 6. HP: 56/56 MP: 5/5
  2367 | D:4      | Noticed Pikel
  2391 | D:4      | Killed Pikel
  2392 | D:4      | Reached skill level 5 in Maces & Flails
  2392 | D:4      | Reached XP level 7. HP: 14/63 MP: 6/6
  2577 | D:4      | Noticed Natasha
  2579 | D:4      | Killed Natasha
  2609 | D:4      | Noticed Natasha
  2613 | D:4      | Killed Natasha
  2646 | D:4      | Found a runed translucent door.
  2647 | D:4      | Noticed Crazy Yiuf
  2656 | D:4      | Killed Crazy Yiuf
  2749 | D:4      | Noticed Natasha
  2754 | D:4      | Killed Natasha
  3021 | D:3      | Found Bumas's Antique Weapon Emporium.
  3072 | D:3      | Bought a runed great mace for 209 gold pieces
  3572 | D:2      | Identified the +10 flail of the Rattlesnake {flame, Dex+3}
  4031 | D:5      | Entered Level 5 of the Dungeon
  4058 | D:5      | Reached XP level 8. HP: 51/71 MP: 7/7
  4537 | D:5      | Noticed Edmund
  4546 | D:5      | Killed Edmund
  5024 | D:5      | Reached XP level 9. HP: 39/79 MP: 8/8
  5590 | D:6      | Found a glowing silver altar of Zin.
  5664 | D:6      | Found a runed translucent gate.
  5664 | D:6      | Found a runed translucent gate.
  5664 | D:6      | Found a runed translucent gate.
  5665 | D:6      | Noticed Eeriemist's ghost (novice MiFi)
  5665 | D:6      | Noticed edsrzf's ghost (novice DETm)
  5976 | D:7      | Noticed a hellwing
  5976 | D:7      | Noticed a hellwing
  5993 | D:7      | Killed a hellwing
  5998 | D:7      | Killed a hellwing
  5999 | D:7      | Reached skill level 5 in Throwing
  6012 | D:7      | Reached XP level 10. HP: 70/90 MP: 9/9
  6276 | D:7      | Noticed Dowan
  6279 | D:7      | Noticed Duvessa
  6283 | D:7      | Killed Dowan
  6295 | D:7      | Killed Duvessa
  7159 | D:8      | Found a snail-covered altar of Cheibriados.
  7160 | D:8      | Found Cheibriados's Comfort Zone.
  8141 | D:9      | Found a flagged portal.
  8213 | Bailey   | Entered a bailey
  8218 | Bailey   | Noticed an orc warlord
  8329 | Bailey   | Noticed an orc knight
  8339 | Bailey   | Killed an orc knight
  8343 | Bailey   | Reached skill level 10 in Fighting
  8343 | Bailey   | Reached skill level 10 in Shields
  8348 | Bailey   | Found a runed translucent gate.
  8348 | Bailey   | Found a runed translucent gate.
  8348 | Bailey   | Found a runed translucent gate.
  8428 | Bailey   | Killed an orc warlord
  8429 | Bailey   | Reached skill level 10 in Armour
  8429 | Bailey   | Reached XP level 11. HP: 66/99 MP: 10/10
  8533 | D:9      | Found a staircase to the Orcish Mines.
  8534 | D:9      | Identified the +10 hand axe of Disaster {drain, *Slow rCorr
                  | SInv}
  8609 | D:9      | Found a basalt altar of Yredelemnul.
  8775 | D:9      | Reached skill level 10 in Maces & Flails
  8817 | D:9      | Found an iron altar of Okawaru.
  8819 | D:9      | Noticed a seven-headed hydra
  8830 | D:9      | HP: 2/101 [seven-headed hydra (6)]
  9121 | Orc:1    | Entered Level 1 of the Orcish Mines
  9121 | Orc:1    | Noticed an orc sorcerer
  9129 | Orc:1    | Killed an orc sorcerer
  9217 | Orc:2    | Entered Level 2 of the Orcish Mines
  9963 | Orc:2    | Found a staircase to the Elven Halls.
 10016 | Orc:1    | Noticed Harold
 10029 | Orc:1    | Slain by Harold

Illustrated notes

Levels and vault maps discovered:
D:1:      spicycebolla_arrival_clurvy, layout_basic, kennysheep_minor_cross
D:2:      cheibrodos_old_hovel, layout_basic, basic_altar
D:3:      layout_loops_ring, serial_shops, nicolae_shop_dealshenge
D:4:      layout_loops_ring, minmay_temple_entry_purple_smoke,
          uniq_crazy_yiuf_cottage, uniq_pikel, uniq_natasha
D:5:      layout_gridville, minmay_starry_boxes, uniq_edmund
D:6:      layout_loops_cross, zin_statuary, gammafunk_ghost_cemetery,
          minmay_fractal_squares_diagonal_5
D:7:      cheibrodos_grave_circle, layout_basic, uniq_duvessa
D:8:      layout_gridville, minmay_shop_chei
D:9:      layout_loops_ring, trog_book, nicolae_overflow_crystal_walls,
          nicolae_yredelemnul_corpse_copse, nicolae_overflow_hidden_temple,
          orc_0_dummy, enter_bailey_2
Temple:   oiseaux_autumnal_temple
Orc:1:    layout_caves, uniq_harold
Orc:2:    st_orc_town, layout_caves

Skill      XL: |  1  2  3  4  5  6  7  8  9 10 11 |
---------------+----------------------------------+-----
Fighting       | 4 5 6 7 8 10 | 10.7
Armour         | 4 5 6 7 8 10 | 10.7
Shields        | 4 5 6 7 8 10 | 10.7
Maces & Flails | 3 4 5 6 8 9 10 | 10.3
Throwing       | 2 4 5 7 |  7.9

Action                     |  1- 3 |  4- 6 |  7- 9 | 10-12 || total
---------------------------+-------+-------+-------+-------++-------
  Melee: Flail             |    78 |    82 |   123 |   270 ||   553
         Headbutt          |    10 |    10 |    26 |    34 ||    80
         Whip              |       |       |    48 |       ||    48
  Throw: Boomerang         |       |       |     1 |    56 ||    57
         Dart              |       |       |       |    33 ||    33
 Invoke: Curse Item        |       |       |     1 |       ||     1
    Use: Potion            |       |     1 |     1 |     7 ||     9
         Scroll            |       |       |       |    14 ||    14
 Armour: Scale mail        |    16 |       |       |       ||    16
         Chain mail        |    29 |    33 |    67 |       ||   129
         Plate armour      |       |       |    30 |   157 ||   187
  Dodge: Dodged            |    31 |    22 |    72 |    92 ||   217
  Block: Buckler           |    17 |    17 |    40 |    94 ||   168
